Map: [ESL] Dynasty

Players

MaxPax - Winner!

  • Race: Protoss Protoss
  • Spawn Location: 7:00

Bly

  • Race: Zerg Zerg
  • Spawn Location: 1:00

Event: ESL SC2 Masters 2024 Spring (Regional)

VOD

Have the link to the VOD?

Description

Time

  • Played on: April 12, 2024, 1:55 p.m.
  • Length: 9:40

All games in this series

Show
View Real Time Build Order
Export as new Build Order

MaxPax Protoss - Winner!

Build Orders: 1 Gate Expand, Zealot Archon 

Get SALT Encoding   

  12  0:00  Probe  
  13  0:12  Probe  
  14  0:19  Pylon  
  14  0:24  Probe  
  15  0:37  Probe (Chrono Boost)  
  15  0:41  Gateway  
  16  0:47  Assimilator, Probe (Chrono Boost)  
  17  0:52  Probe (Chrono Boost)  
  18  1:03  Probe  
  19  1:16  Probe  
  20  1:28  Cybernetics Core  
  20  1:31  Nexus  
  20  1:37  Zealot (Chrono Boost)  
  22  1:43  Pylon  
  22  1:47  Probe  
  23  1:58  Assimilator  
  23  2:01  Probe  
  23  2:02  Adept (Chrono Boost)  
  26  2:11  Warp Gate  
  26  2:14  Probe  
  27  2:25  Gateway, Adept (Chrono Boost)  
  27  2:26  Probe  
  30  2:38  Probe  
  30  2:44  Twilight Council  
  31  2:45  Probe  
  31  2:51  Probe  
  33  2:57  Probe  
  34  3:03  Probe  
  35  3:08  Gateway  
  35  3:10  Stalker, Probe  
  38  3:17  Probe  
  39  3:20  Resonating Glaives (Chrono Boost)  
  39  3:22  Probe  
  39  3:29  Probe  
  39  3:34  Robotics Facility, Probe  
  40  3:41  Probe  
  42  3:47  Probe  
  41  3:53  Probe  
  41  3:59  Probe  
  40  4:02  Adept x3  
  40  4:06  Pylon  
  40  4:09  Pylon  
  46  4:21  Pylon, Gateway  
  48  4:24  Probe x2  
  48  4:25  Stalker  
  48  4:26  Adept  
  48  4:31  Warp Prism (Chrono Boost)  
  54  4:43  Probe x2  
  56  4:52  Adept x3  
  60  4:59  Probe x2  
  60  5:05  Assimilator  
  60  5:06  Assimilator  
  58  5:07  Dark Shrine  
  58  5:11  Probe  
  58  5:12  Probe  
  60  5:19  Shield Battery  
  60  5:21  Adept x2  
  60  5:22  Adept  
  60  5:24  Probe, Adept  
  60  5:28  Pylon  
  69  5:31  Probe  
  70  5:47  Pylon  
  70  5:49  Pylon  
  68  5:51  Observer  
  69  5:58  Adept x4  
  73  6:20  Nexus  
  73  6:21  Dark Templar x3  
  73  6:22  Pylon  
  77  6:26  Immortal (Chrono Boost), Shield Battery  
  81  6:41  Dark Templar  
  83  6:49  Charge (Chrono Boost)  
  83  6:50  Probe  
  82  6:59  Probe  
  83  7:04  Probe  
  84  7:13  Immortal (Chrono Boost), Probe  
  85  7:16  Gateway  
  85  7:17  Gateway  
  85  7:20  Sentry x2, Gateway  
  85  7:21  Probe  
  94  7:22  Gateway  
  94  7:27  Probe  
  95  7:31  Shield Battery  
  95  7:40  Zealot x2  
  95  7:41  Probe x2  
  95  7:42  Probe  
  102  7:44  Forge, Dark Templar  
  102  7:47  Archon  
  102  7:51  Archon  
  104  7:53  Probe  
  104  7:54  Probe  
  104  7:56  Probe  
  107  7:58  Pylon  
  107  8:03  Pylon  
  107  8:06  Forge  
  107  8:13  Zealot x4  
  107  8:19  Photon Cannon  
  115  8:23  Assimilator  
  115  8:24  Assimilator  
  115  8:29  Pylon  
  115  8:45  Zealot x8  
  134  9:05  Sentry  
  134  9:06  Zealot x3, Sentry  
  134  9:08  Stalker x3  
  133  9:28  Zealot x2  
  133  9:29  Zealot x3  
  139  9:37  Zealot x3  
Show
View Real Time Build Order
Export as new Build Order

Bly Zerg 

Build Orders: Hatch First 

Get SALT Encoding   

  12  0:00  Drone  
  13  0:12  Overlord  
  13  0:16  Drone  
  14  0:30  Drone x2  
  16  0:50  Hatchery  
  16  0:54  Drone  
  16  1:00  Drone  
  17  1:11  Spawning Pool  
  16  1:12  Drone  
  16  1:17  Drone  
  18  1:19  Drone  
  19  1:42  Drone  
  19  1:43  Hatchery  
  19  2:02  Spine Crawler  
  19  2:03  Spine Crawler  
  19  2:06  Zergling x2  
  18  2:13  Unknown  
  18  2:14  Zergling x2, Queen  
  18  2:15  Queen  
  24  2:24  Zergling x2  
  24  2:29  Overlord  
  25  2:31  Drone x2  
  25  2:35  Zergling x2  
  28  2:48  Overlord  
  28  3:03  Drone x2  
  30  3:08  Drone x3  
  30  3:09  Drone  
  34  3:15  Queen  
  34  3:18  Queen  
  38  3:27  Drone  
  39  3:33  Zergling x6  
  42  3:34  Metabolic Boost  
  40  3:53  Drone x6  
  40  3:54  Drone x3  
  48  4:01  Drone  
  49  4:07  Roach Warren  
  47  4:19  Extractor  
  47  4:20  Overlord x2  
  47  4:22  Overlord  
  46  4:35  Zergling x2  
  46  4:36  Zergling x6  
  45  4:52  Roach x8  
  52  5:03  Drone x2  
  52  5:04  Drone  
  55  5:19  Zergling x12, Ravager x2  
  55  5:20  Zergling x4  
  64  5:28  Overlord  
  64  5:29  Overlord  
  64  5:34  Overlord  
  61  5:48  Zergling x4  
  61  5:49  Zergling x6  
  65  5:55  Drone x2  
  66  5:59  Drone x2  
  67  6:05  Spore Crawler  
  67  6:10  Spore Crawler, Drone  
  65  6:13  Roach x2  
  69  6:20  Spore Crawler  
  69  6:27  Lair  
  68  6:35  Spore Crawler  
  68  6:39  Drone  
  66  6:52  Drone x5  
  66  6:53  Extractor  
  65  7:16  Hatchery  
  64  7:27  Overseer  
  64  7:28  Nydus Network  
  63  7:38  Glial Reconstitution  
  63  7:40  Overseer  
  63  7:59  Roach x6  
  63  8:00  Roach  
  77  8:12  Overlord  
  74  8:32  Roach x5  
  82  8:36  Nydus Canal  
  78  8:45  Overseer  
  78  8:47  Roach x3  
  84  8:55  Nydus Canal  
Tags
 
Add a new tag
Caveats
  • Supply blocks, unpowered buildings, or Contaminate may cause inaccurate times.
  • Supply counts are checked every 10 seconds.